Map: Oceanborn LE

Players

Djoker

  • Race: Terran Terran
  • League: Diamond
  • Spawn Location: 11:00

Slug - Winner!

  • Race: Protoss Protoss
  • League: Diamond
  • Spawn Location: 5:00

VOD

Have the link to the VOD?

Description

Time

  • Played on: Feb. 7, 2024, 5:30 p.m.
  • Length: 14:17
Show
View Real Time Build Order
Export as new Build Order

Djoker Terran 

Build Orders: Reaper Expand, Cyclone Timing 

Get SALT Encoding   

  12  0:00  SCV  
  13  0:12  SCV  
  14  0:17  Supply Depot  
  14  0:24  SCV  
  15  0:38  SCV  
  15  0:40  Barracks  
  16  0:46  Refinery  
  16  0:50  SCV  
  17  1:03  SCV  
  18  1:15  SCV  
  19  1:28  Orbital Command, Reaper  
  20  1:40  Command Center  
  20  1:53  Supply Depot  
  20  2:00  SCV, Marine  
  22  2:12  SCV  
  23  2:16  Factory  
  23  2:17  Marine  
  24  2:25  Bunker, SCV  
  25  2:37  SCV  
  26  2:43  Barracks Reactor  
  26  2:50  SCV  
  27  2:52  Orbital Command  
  27  2:56  Refinery  
  27  3:02  Cyclone, SCV  
  27  3:03  Supply Depot  
  30  3:14  SCV  
  31  3:24  SCV  
  32  3:30  SCV, Starport  
  32  3:31  Marine x2  
  35  3:36  SCV  
  35  3:40  Factory Reactor  
  36  3:48  Marine x2, SCV x2  
  37  3:50  Supply Depot  
  40  3:59  Engineering Bay  
  40  4:04  SCV x2  
  40  4:06  Marine x2  
  44  4:16  SCV x2  
  46  4:18  Cyclone x2  
  46  4:19  Medivac  
  46  4:23  Bunker  
  51  4:28  SCV x2  
  52  4:42  Supply Depot  
  53  4:45  SCV  
  53  4:46  Terran Infantry Weapons Level 1  
  53  4:47  Barracks x2  
  53  4:48  SCV  
  53  4:51  Missile Turret, Refinery x2  
  54  4:57  SCV  
  54  4:58  Marine x2  
  57  5:02  Starport Reactor  
  57  5:04  Widow Mine x2  
  61  5:16  Marine x2  
  60  5:25  Cyclone x2  
  63  5:33  Marine x2  
  64  5:40  SCV x2  
  66  5:46  Barracks Tech Lab x2  
  66  5:47  Medivac  
  68  6:01  Widow Mine  
  68  6:02  Missile Turret  
  70  6:04  Missile Turret  
  70  6:10  Widow Mine, SCV x2  
  74  6:12  Stimpack, Supply Depot x2  
  74  6:13  Supply Depot  
  74  6:14  Combat Shield  
  74  6:17  Marine x3  
  77  6:33  Medivac  
  77  6:35  SCV x2  
  77  6:38  Supply Depot  
  81  6:40  Terran Infantry Armor Level 1  
  81  6:44  Supply Depot  
  81  6:45  Supply Depot, Marine  
  82  6:47  Supply Depot, SCV  
  83  6:58  Marine, Marauder x2  
  88  7:03  Marine  
  88  7:06  Barracks  
  89  7:11  Barracks  
  89  7:21  Viking x2  
  93  7:35  Missile Turret, Marine  
  93  7:36  Marine, Marauder x2  
  99  7:47  Widow Mine x2  
  103  7:51  Viking, Medivac  
  103  7:57  Marauder  
  87  8:21  Viking, Medivac  
  87  8:28  Marauder x2, Marine x2  
  87  8:30  Barracks Tech Lab  
  87  8:31  Barracks Tech Lab  
  93  8:34  SCV  
  93  8:36  Ghost Academy  
  94  8:43  Armory  
  94  8:45  Marine  
  94  8:46  Marine  
  96  8:49  Marine  
  96  8:50  Marine x2  
  96  8:51  Viking, Medivac, Marine  
  96  8:52  Concussive Shells  
  104  9:03  Marine x2  
  104  9:07  Marine  
  107  9:21  Viking  
  109  9:27  Command Center, Marauder x2, Marine x3  
  109  9:28  Viking  
  118  9:31  Widow Mine  
  118  9:32  Widow Mine  
  107  9:49  Marine x2  
  107  9:51  Viking  
  107  9:52  Marine x3  
  99  9:58  Medivac  
  101  10:04  Marine  
  101  10:07  Marine x2  
  100  10:10  Marine x3  
  103  10:21  Widow Mine x2  
  103  10:22  Marine, Medivac  
  103  10:24  Orbital Command, Marine x2  
  103  10:27  Marine  
  103  10:28  Marine x2  
  113  10:40  Marine  
  113  10:42  Marine x2  
  114  10:45  Marine  
  117  10:53  Planetary Fortress  
  117  10:55  Missile Turret  
  117  10:58  Marauder x2, Marine  
  117  11:00  Widow Mine, Marine  
  117  11:04  Marauder  
  105  11:13  Marine  
  105  11:14  Widow Mine  
  105  11:16  Marauder  
  105  11:18  Marine  
  106  11:19  Marine x2  
  106  11:22  Widow Mine  
  106  11:25  Marine  
  108  11:31  Marine  
  99  11:33  SCV  
  99  11:34  SCV  
  99  11:36  Widow Mine  
  99  11:37  Marauder  
  99  11:38  Marauder  
  88  11:43  Widow Mine  
  88  11:45  Marauder x2  
  90  11:49  SCV  
  83  12:01  Marauder x2, SCV, Marine x2  
  63  12:11  Marine x2  
  63  12:13  SCV x2  
  47  12:19  Marine  
  42  12:23  Marauder x2  
  42  12:25  SCV x2  
  37  12:34  Orbital Command  
  30  12:37  SCV  
  30  12:38  Marauder, Marine  
  30  12:39  SCV  
  35  12:49  SCV  
  35  12:51  SCV  
  37  13:01  SCV  
  37  13:03  SCV  
  37  13:04  Widow Mine x2  
  43  13:06  SCV  
  44  13:14  SCV  
  44  13:15  SCV  
  44  13:18  SCV  
  47  13:21  Marauder, Marine  
  47  13:22  Marauder  
  52  13:30  SCV  
  52  13:33  Ghost  
  53  13:35  Marine  
  56  13:46  Marauder x2, Marine  
  61  13:51  SCV  
  51  14:03  SCV  
Show
View Real Time Build Order
Export as new Build Order

Slug Protoss - Winner!

Build Orders: 1 Gate Expand, Blink Stalkers 

Get SALT Encoding   

  12  0:00  Probe  
  13  0:12  Probe  
  14  0:17  Pylon  
  14  0:24  Probe (Chrono Boost)  
  16  0:37  Probe (Chrono Boost)  
  16  0:38  Gateway  
  16  0:43  Probe (Chrono Boost)  
  16  0:46  Assimilator  
  17  0:51  Probe  
  18  1:03  Probe (Chrono Boost)  
  19  1:15  Probe (Chrono Boost)  
  20  1:20  Probe (Chrono Boost)  
  21  1:26  Cybernetics Core  
  21  1:29  Probe  
  22  1:40  Nexus  
  22  1:45  Assimilator  
  22  1:51  Pylon  
  22  1:59  Probe  
  22  2:12  Adept (Chrono Boost)  
  22  2:14  Twilight Council  
  24  2:16  Warp Gate  
  24  2:26  Probe  
  25  2:38  Robotics Facility  
  25  2:44  Stalker (Chrono Boost)  
  25  2:46  Probe  
  28  2:58  Probe  
  28  3:04  Probe  
  30  3:10  Probe (Chrono Boost)  
  31  3:16  Blink  
  32  3:20  Stalker  
  32  3:22  Probe (Chrono Boost)  
  32  3:23  Probe (Chrono Boost)  
  35  3:29  Probe (Chrono Boost)  
  35  3:33  Probe  
  36  3:36  Gateway  
  36  3:40  Probe  
  38  3:41  Gateway  
  38  3:46  Gateway  
  38  3:48  Probe  
  38  3:52  Probe  
  38  3:54  Warp Prism (Chrono Boost)  
  40  4:00  Probe  
  43  4:05  Pylon  
  43  4:06  Probe  
  44  4:20  Stalker  
  45  4:28  Pylon, Probe x2  
  45  4:45  Probe x2  
  45  4:48  Stalker x4  
  53  4:57  Probe x2  
  55  5:03  Nexus  
  55  5:09  Probe x2  
  57  5:18  Assimilator  
  57  5:24  Stalker x2  
  47  5:38  Charge (Chrono Boost)  
  47  5:45  Robotics Bay  
  47  5:46  Immortal (Chrono Boost)  
  47  5:47  Zealot x2  
  47  5:48  Zealot x2  
  47  5:49  Probe (Chrono Boost)  
  61  5:53  Probe (Chrono Boost)  
  61  5:55  Assimilator  
  61  6:00  Pylon, Probe (Chrono Boost)  
  62  6:18  Zealot  
  62  6:19  Zealot x3  
  62  6:21  Observer (Chrono Boost), Probe x2  
  73  6:26  Probe  
  73  6:29  Gateway  
  73  6:30  Gateway  
  73  6:32  Colossus (Chrono Boost)  
  74  6:34  Probe x2  
  82  6:42  Probe  
  82  6:46  Probe  
  84  6:54  Pylon  
  84  7:00  Probe, Forge  
  85  7:08  Pylon  
  85  7:10  Colossus (Chrono Boost)  
  85  7:12  Probe  
  92  7:25  Pylon  
  92  7:26  Pylon  
  92  7:34  Zealot x3, Assimilator  
  92  7:35  Zealot  
  100  7:37  Assimilator  
  100  7:39  Pylon  
  100  7:45  Probe  
  100  7:46  Protoss Ground Weapons Level 1 (Chrono Boost)  
  100  7:47  Pylon  
  101  7:53  Templar Archives  
  93  8:09  Zealot x5  
  79  8:21  Zealot  
  79  8:24  Psionic Storm  
  81  8:28  Probe x2  
  81  8:33  Zealot  
  81  8:34  Zealot x4  
  93  8:45  Nexus, High Templar, Colossus (Chrono Boost)  
  93  8:47  Pylon  
  101  8:49  Gateway x2  
  101  8:54  Gateway  
  101  8:58  High Templar  
  101  8:59  High Templar x3  
  101  9:01  Zealot  
  111  9:03  Archon  
  111  9:04  Archon  
  111  9:28  Zealot x2, Colossus (Chrono Boost)  
  121  9:38  Gateway  
  121  9:39  Gateway  
  121  9:42  Gateway  
  121  9:43  Gateway  
  105  9:45  Zealot  
  105  9:46  Zealot x2  
  105  9:47  Zealot x3  
  105  9:53  Zealot x2  
  99  10:01  Stalker  
  99  10:06  Protoss Ground Weapons Level 2  
  95  10:10  Zealot x2  
  95  10:11  Zealot  
  95  10:12  Zealot x2  
  95  10:22  Zealot x3  
  95  10:23  Zealot  
  95  10:25  Probe x2 (Chrono Boost)  
  107  10:30  Probe (Chrono Boost)  
  107  10:31  Probe (Chrono Boost)  
  107  10:32  Assimilator  
  107  10:34  High Templar, Assimilator  
  107  10:35  High Templar  
  111  10:38  Probe (Chrono Boost)  
  112  10:45  Pylon  
  112  10:49  Pylon  
  112  10:50  Probe  
  112  10:52  Zealot x3  
  112  10:53  Zealot x2, High Templar x2, Pylon  
  121  11:28  Zealot  
  121  11:29  Zealot x5  
  121  11:30  Zealot x2  
  119  11:41  High Templar  
  119  11:42  Zealot x3  
  98  11:56  Probe x2  
  79  12:01  Archon  
  79  12:08  Zealot x3  
  77  12:09  Zealot x2  
  77  12:10  Zealot x2  
  77  12:15  Probe x2  
  74  12:42  Warp Prism  
  76  12:44  High Templar x2  
  80  12:54  Nexus, Pylon, Probe x2  
  80  12:57  Probe x2  
  84  13:10  High Templar  
  84  13:11  High Templar x3  
  90  13:14  Probe  
  90  13:15  Archon  
  90  13:16  Archon  
  90  13:18  Observer  
  92  13:39  Observer  
  92  13:40  High Templar x4  
  101  13:42  Zealot  
  101  13:43  Zealot x2  
  101  13:44  Archon x2  
  87  13:58  Zealot x3  
  87  14:02  Zealot x2  
  95  14:12  Zealot x4  
Tags
 
Add a new tag
Caveats
  • Supply blocks, unpowered buildings, or Contaminate may cause inaccurate times.
  • Supply counts are checked every 10 seconds.